AoeStats
← Barón de la Cerveza

Arena

504122127Analyzed
1v1 RM · 1mo ago on Sep 4, 2026· 41m 37s· 2 players
Game mode
Random Map
Map size
Tiny (2 player)
Population
200
Speed
Normal
Resources
Standard
Victory
Conquest
Starting age
Dark Age
Ending age
Imperial Age
RankedLock teamsTeams togetherTeam positionsShared explorationLock speedFull tech treeHidden civsTurbo modeCheats
Victory
Defeat
🇦🇷 Shu · Argentina
1858
+12
🇲🇽 Slavs · Mexico
1776
-12
_NanitoCba
11:40 Feudal Age
12:56 Double-Bit Axe
15:22 Castle Age
13:10 Horse Collar
15:56 Light Cavalry
20:09 Husbandry
22:20 Wheelbarrow
23:50 Hand Cart
29:45 Imperial Age
27:02 Loom
27:03 Town Watch
27:35 Loom
27:48 Town Watch
28:15 Gold Mining
29:28 Scale Mail Armor
29:40 Forging
30:24 Bow Saw
31:35 Chain Mail Armor
31:32 Murder Holes
32:12 Fletching
33:23 Scale Barding Armor
32:46 Pikeman
33:26 Squires
34:52 Chemistry
35:35 Plate Mail Armor
35:56 Squires
36:17 Bodkin Arrow
36:43 Chain Barding Armor
36:07 Halberdier
36:54 Arson
37:26 Bracer
37:42 Masonry
38:17 Ballistics
37:41 Onager
39:21 Architecture
39:44 Siege Engineers
41:53 Padded Archer Armor
Barón de la Cerveza
11:16 Feudal Age
14:55 Castle Age
12:53 Horse Collar
14:11 Double-Bit Axe
16:02 Heavy Plow
17:58 Bow Saw
19:28 Forging
24:45 Husbandry
25:40 Light Cavalry
27:20 Wheelbarrow
27:18 Loom
30:22 Imperial Age
27:56 Detinets
28:19 Bloodlines
30:08 Scale Barding Armor
30:28 Capped Ram
31:32 Hand Cart
31:48 Fletching
32:18 Chain Barding Armor
33:57 Bodkin Arrow
34:37 Plate Barding Armor
34:33 Conscription
35:56 Pikeman
35:56 Man-at-Arms
36:45 Scale Mail Armor
37:21 Iron Casting
36:41 Long Swordsman
37:22 Squires
37:54 Chain Mail Armor
37:19 Two-Handed Swordsman
38:46 Ballistics
39:26 Chemistry
39:06 Plate Mail Armor
38:42 Champion
40:47 Blast Furnace
Connection lost

Rejoining the realm…

Still unreachable

The connection could not be restored.

Session expired

The server has moved on; the page needs a fresh start.